 Dungeon Crawl Stone Soup version 0.26-a0-1033-gd598b01645 (webtiles) character file.

Game seed: 3231370547531367197

926 Majang the Ruffian (level 7, -1/58 HPs)
             Began as a White Draconian Transmuter on Dec 10, 2020.
             Was a Believer of Qazlal.
             Slain by Prince Ribbit (15 damage)
             ... on level 6 of the Dungeon.
             The game lasted 00:20:04 (5966 turns).

Majang the Ruffian (White Draconian Transmuter)     Turns: 5966, Time: 00:20:06

Health: -1/58      AC:  0    Str: 14    XL:     7   Next: 85%
Magic:  11/12      EV: 15    Int: 14    God:    Qazlal [**....]
Gold:   248        SH:  2    Dex: 11    Spells: 9/12 levels left

rFire    . . .     SeeInvis .     - Unarmed
rCold    . . .     Faith    .   (shield currently unavailable)
rNeg     . . .     Spirit   .   (armour unavailable)
rPois    .         Reflect  .   (helmet currently unavailable)
rElec    .         Harm     .   (cloak currently unavailable)
rCorr    .         Rampage  .   (gloves currently unavailable)
Will     .....                  (boots currently unavailable)
Stlth    +.........             (no amulet)
HPRegen  0.19/turn              (ring currently unavailable)
MPRegen  0.13/turn              (ring currently unavailable)

@: about to teleport, pig-form (expiring), wereblooded, very quick
A: small, (breathe frost), unfitting armour, AC +6
a: Upheaval, Renounce Religion


You were on level 6 of the Dungeon.
You worshipped Qazlal.
Qazlal was pleased with you.
You were a filthy swine.
You visited 1 branch of the dungeon, and saw 6 of its levels.
You also visited: Sewer.

You collected 248 gold pieces.

Inventory:

Scrolls
 b - 5 scrolls of remove curse {unknown}
 d - 3 scrolls of identify {unknown}
 f - 3 scrolls of teleportation
 g - 2 scrolls of amnesia {unknown}
 j - a scroll of blinking {unknown}
 m - 2 scrolls of fear {unknown}
 n - a scroll of brand weapon {unknown}
 o - a scroll of immolation {unknown}
 r - a scroll of magic mapping {unknown}
Potions
 a - 7 potions of curing {unknown}
 c - a potion of mutation {unknown}
 e - 3 potions of heal wounds
 h - a potion of lignification {unknown}
 i - 4 potions of might
 k - a potion of berserk rage {unknown}
 l - 4 potions of flight {unknown}
 p - a potion of degeneration {unknown}
 q - a potion of brilliance {unknown}


   Skills:
 + Level 3.7 Fighting
 + Level 3.0 Dodging
 * Level 5.4 Unarmed Combat
 + Level 3.4 Spellcasting
 * Level 4.9 Transmutations
 + Level 2.9 Invocations


You had 9 spell levels left.
You knew the following spells:

 Your Spells              Type           Power        Failure   Level
a - Beastly Appendage     Tmut           ###...       2%          1
b - Wereblood             Tmut           ###.....     4%          2

Your spell library contained the following spells:

 Spells                   Type           Power        Failure   Level
 Magic Dart               Conj           #...         21%         1
 Spider Form              Tmut/Pois      #.........   22%         3
 Searing Ray              Conj           #.....       30%         2
 Dazzling Flash           Conj/Hex       #.....       52%         3
 Ice Form                 Ice/Tmut       #.......     58%         4
 Blade Hands              Tmut           ###.......   58%         5
 Fulminant Prism          Conj/Hex       #.........   90%         4
 Iskenderun's Mystic Bla  Conj/Tloc      #.......     90%         4


Dungeon Overview and Level Annotations

Branches:
Dungeon (6/15)              Sewer (visited)
 Temple: D:4-7

Altars:
Ashenzari
Elyvilon
Fedhas
Hepliaklqana
Nemelex Xobeh
Qazlal
Ru
Trog
Uskayaw
Wu Jian
Zin

Shops:
D:4 [

Annotations:
D:2 exclusion: oklob plant
D:6 Dowan, Menkaure, Prince Ribbit


Innate Abilities, Weirdness & Mutations

((You can breathe waves of freezing cold.))
((You can buffet flying creatures when you breathe cold.))
((Your icy white scales are hard. (AC +6)))
You cannot fit into any form of body armour.
((Your flesh is cold resistant. (rC+)))
((You are cold-blooded and may be slowed by cold attacks.))


Message History

Prince Ribbit hops awkwardly around.
You hit the orc but do no damage.
Dowan breathes, "And she was my only..."
Dowan casts a spell at you. The stone arrow misses you.
The stone arrow hits the orc wizard!
You barely miss the orc wizard.
The orc wizard is almost dead.
Your transformation is almost over.
Prince Ribbit says, "You're just another fly to me."
Menkaure calls on the powers of darkness!
The orc priest convulses!
Prince Ribbit convulses!
The orc convulses!
Your body is wracked with pain!
Dowan convulses!
As you read the scroll labelled AFRAHAM PAOTETZA, it crumbles to dust.
You feel strangely unstable.
It was a scroll of teleportation.
Dowan zaps a wand.
You resist with some effort. The orc wizard casts a spell at you.
The puff of flame hits you!
* * * LOW HITPOINT WARNING * * *
Prince Ribbit hits you!
You die...

#......##
#######.......##
#..............##
#............)..#
#............##.....Y
#......####### #....
#.....e### ...
#>.......# .
#.......h###
#######.Fo.#
##.o.......
##..M.###. ##.o...
....... #......
...... ......


You could see Prince Ribbit, Menkaure, Dowan (fast), an orc priest, an orc
wizard and an orc.

Vanquished Creatures
  Duvessa (D:6)
  2 ogres
  A big kobold (D:4)
  A scorpion (D:5)
  A centaur skeleton (D:5)
  A hound (D:4)
  4 iguanas
  4 worker ants
  3 gnolls
  6 river rats (Sewer)
  7 adders
  A white imp (D:3)
  An ufetubus (D:5)
  2 oozes
  An adder skeleton (D:5)
  A worm (D:4)
  2 dart slugs
  2 leopard geckos
  2 orcs
  2 giant cockroaches
  8 hobgoblins
  7 jackals
  25 kobolds
  5 ball pythons
  9 bats
  6 frilled lizards
  9 goblins
  22 rats
136 creatures vanquished.

Notes
Turn   | Place    | Note
-------+----------+-------------------------------------------
     0 | D:1      | Majang the Draconian Transmuter began the quest for the
                  | Orb.
     0 | D:1      | Reached XP level 1. HP: 16/16 MP: 3/3
   625 | D:1      | Reached XP level 2. HP: 23/23 MP: 3/5
   628 | D:1      | Learned a level 2 spell: Wereblood
  1284 | D:2      | Reached XP level 3. HP: 28/28 MP: 3/6
  1471 | D:2      | Found a stormy altar of Qazlal.
  1478 | D:2      | Became a worshipper of Qazlal Stormbringer
  1598 | D:2      | Found a blossoming altar of Fedhas.
  1613 | D:2      | Noticed an oklob plant
  1773 | D:3      | Reached XP level 4. HP: 28/36 MP: 4/7
  2150 | D:3      | Reached skill level 4 in Unarmed Combat
  2201 | D:3      | Found a glowing drain.
  2210 | Sewer    | Entered a sewer
  2275 | Sewer    | Reached XP level 5. HP: 24/41 MP: 6/8
  2490 | Sewer    | Reached skill level 1 in Invocations
  2590 | Sewer    | Reached * piety under Qazlal
  3217 | D:3      | Found a glowing silver altar of Zin.
  3537 | D:3      | Reached ** piety under Qazlal
  3538 | D:3      | Reached XP level 6. HP: 44/50 MP: 7/10
  3573 | D:3      | Found a hazy altar of Hepliaklqana.
  4051 | D:4      | Found Temus's Antique Armour Emporium.
  4249 | D:4      | Found an ornate altar of the Wu Jian Council.
  4268 | D:4      | Found a sparkling altar of Nemelex Xobeh.
  4503 | D:4      | Your scales start taking on an icy white colour.
  4503 | D:4      | Reached XP level 7. HP: 27/57 MP: 11/11
  4503 | D:4      | Gained mutation: Your flesh is cold resistant. (rC+) [White
                  | Draconian growth]
  4893 | D:4      | Found a bloodstained altar of Trog.
  4917 | D:4      | Found a hide-covered altar of Uskayaw.
  5155 | D:4      | Found a sacrificial altar of Ru.
  5184 | D:5      | Entered Level 5 of the Dungeon
  5341 | D:5      | Found a broken altar of Ashenzari.
  5358 | D:5      | Reached skill level 5 in Unarmed Combat
  5832 | D:5      | Found a white marble altar of Elyvilon.
  5941 | D:6      | Noticed Duvessa
  5950 | D:6      | Killed Duvessa
  5951 | D:6      | Noticed Dowan
  5961 | D:6      | Noticed Menkaure
  5961 | D:6      | Noticed Prince Ribbit
  5966 | D:6      | Slain by Prince Ribbit

Illustrated notes

Levels and vault maps discovered:
D:1:      lightli_arrival_quake, layout_loops_corners
D:2:      layout_rooms, old_standard_altar, tgw_fedhas
D:3:      layout_basic, lemuel_crystal_altar, zin_academy, portal_sewer_entry_d,
          kennysheep_generic_room_15
D:4:      layout_basic, overflow_temple_1_default, nicolae_ru_path_of_blood,
          nicolae_overflow_hidden_temple, lemuel_crystal_altar, bloody_trog,
          serial_shops, nicolae_shop_stone
D:5:      layout_basic, lemuel_doored_altar, cheibrodos_ashenzari_chains
D:6:      layout_rooms, minmay_temple_entry_ruins, uniq_prince_ribbit1,
          uniq_menkaure, uniq_duvessa

Skill      XL: |  1  2  3  4  5  6  7 |
---------------+----------------------+-----
Fighting       | 2 3 |  3.7
Transmutations | 3 4 |  4.9
Dodging        | 2 3 |  3.0
Unarmed Combat | 4 5 |  5.4
Invocations    | 1 2 |  2.9
Spellcasting   | 3 |  3.4

Action                   |  1- 3 |  4- 6 |  7- 9 || total
-------------------------+-------+-------+-------++-------
Melee: Unarmed           |    94 |   206 |    57 ||   357
       Kick              |    13 |    41 |    12 ||    66
       Headbutt          |     9 |    27 |     7 ||    43
       Tailslap          |     3 |    18 |     6 ||    27
       Punch             |     1 |     4 |     1 ||     6
 Cast: Beastly Appendage |    23 |    29 |     9 ||    61
       Wereblood         |     5 |    10 |     5 ||    20
Invok: Upheaval          |       |     1 |       ||     1
 Abil: Breathe Frost     |       |       |     7 ||     7
  Use: Potion            |       |     1 |       ||     1
       Scroll            |       |       |     1 ||     1
 Stab: Sleeping          |     1 |       |       ||     1
Armor: Skin              |    25 |    49 |    11 ||    85
Dodge: Dodged            |    59 |   137 |    25 ||   221
Block: Other             |       |     6 |     4 ||    10

Table legend: (Time is in decaauts)
 A = Elapsed time spent in this place.
 B = Non-inter-level travel time spent in this place.
 C = Inter-level travel time spent in this place.
 D = Time resting spent in this place.
 E = Time spent auto-exploring this place.
 F = Levels seen in this place.
 G = Mean time per level.
                   A        B        C        D        E       F      G
               +--------+--------+--------+--------+--------+-----+--------+
         Total |   5958 |   5856 |    102 |   1084 |   3735 |   7 |  851.1 |
       Dungeon |   5056 |   4954 |    102 |    827 |   3437 |   6 |  842.7 |
         Sewer |    901 |    901 |      0 |    257 |    297 |   1 |  901.0 |
               +--------+--------+--------+--------+--------+-----+--------+

Top non-repeatable levels by time:
     D:4: 1224 daAuts
     D:1: 1216 daAuts
     D:3: 990 daAuts
   Sewer: 901 daAuts
     D:2: 852 daAuts
     D:5: 742 daAuts
     D:6: 30 daAuts
